Map: Jagannatha LE

Players

MaNa

  • Race: Protoss Protoss

GunGFuBanDa - Winner!

  • Race: Protoss Protoss

Event: DreamHack SC2 Masters 2021 Fall

VOD

Have the link to the VOD?

Description

Time

  • Played on: July 31, 2021, 12:14 p.m.
  • Length: 11:15

All games in this series

Show
View Real Time Build Order
Export as new Build Order

MaNa Protoss 

Build Orders: Phoenix Opening 

Get SALT Encoding   

  12  0:00  Probe  
  13  0:12  Probe  
  14  0:17  Pylon  
  14  0:24  Probe (Chrono Boost)  
  15  0:36  Probe (Chrono Boost)  
  15  0:38  Gateway  
  16  0:45  Probe (Chrono Boost)  
  16  0:46  Assimilator  
  17  0:51  Probe  
  17  0:55  Assimilator  
  18  1:03  Probe (Chrono Boost)  
  19  1:07  Gateway  
  20  1:12  Probe (Chrono Boost)  
  20  1:17  Probe (Chrono Boost)  
  20  1:25  Cybernetics Core  
  21  1:29  Probe  
  22  1:35  Pylon  
  22  1:41  Probe  
  23  1:53  Probe  
  24  1:59  Warp Gate (Chrono Boost)  
  24  2:02  Stalker x2  
  24  2:05  Probe  
  29  2:12  Pylon  
  29  2:32  Stalker x2  
  32  2:39  Probe  
  33  2:57  Nexus  
  33  3:04  Probe  
  34  3:08  Sentry x2  
  34  3:12  Pylon  
  38  3:17  Probe  
  39  3:26  Twilight Council  
  39  3:30  Probe  
  40  3:42  Probe  
  40  3:46  Stalker x2  
  45  3:51  Phoenix  
  45  3:52  Pylon  
  45  3:55  Probe  
  44  4:03  Blink (Chrono Boost)  
  44  4:07  Probe  
  45  4:12  Probe  
  45  4:16  Gateway  
  46  4:25  Stalker  
  46  4:29  Stalker  
  50  4:38  Shield Battery, Probe x2  
  52  4:50  Probe x2  
  54  4:54  Stalker x2  
  58  5:01  Robotics Facility  
  58  5:02  Probe  
  55  5:16  Shield Battery  
  55  5:17  Stalker  
  55  5:18  Stalker  
  55  5:20  Stalker  
  61  5:22  Probe  
  61  5:23  Probe  
  63  5:31  Pylon  
  63  5:34  Probe  
  63  5:35  Probe  
  63  5:46  Stalker x3  
  63  5:58  Probe  
  63  5:59  Forge, Gateway, Probe  
  63  6:02  Assimilator  
  65  6:10  Adept x2  
  69  6:15  Probe  
  69  6:16  Warp Prism (Chrono Boost)  
  72  6:25  Pylon  
  71  6:34  Probe x2  
  71  6:39  Nexus  
  73  6:48  Stalker x2  
  73  6:50  Protoss Ground Weapons Level 1 (Chrono Boost)  
  73  6:51  Observer (Chrono Boost), Stalker  
  80  6:55  Stalker  
  80  6:59  Pylon  
  82  7:06  Gateway  
  82  7:13  Stalker x2  
  83  7:20  Stalker  
  78  7:35  Stalker  
  74  7:47  Pylon  
  64  7:51  Adept x2  
  64  7:55  Probe  
  65  7:58  Pylon  
  65  7:59  Stalker, Probe  
  64  8:13  Stalker x2  
  68  8:20  Stalker  
  68  8:26  Shield Battery, Stalker  
  68  8:34  Stalker  
  66  8:40  Stalker  
  57  8:51  Stalker x2, Zealot  
  43  9:07  Stalker  
  35  9:18  Stalker  
  35  9:22  Probe  
  37  9:34  Probe  
  37  9:35  Probe  
  39  9:42  Stalker  
  39  9:50  Stalker  
  41  9:57  Stalker  
  41  10:04  Stalker  
  43  10:08  Probe  
  43  10:10  Probe  
  43  10:13  Probe  
  46  10:15  Observer (Chrono Boost)  
  46  10:21  Probe  
  48  10:22  Probe  
  48  10:23  Observer  
  48  10:25  Probe  
  50  10:35  Probe x2  
  52  10:36  Pylon  
  52  10:45  Probe  
  52  10:47  Probe x2  
  54  10:52  Stalker  
  51  11:02  Stalker  
Show
View Real Time Build Order
Export as new Build Order

GunGFuBanDa Protoss - Winner!

Build Orders: Blink Stalkers 

Get SALT Encoding   

  12  0:00  Probe  
  13  0:12  Probe  
  14  0:17  Pylon  
  14  0:24  Probe (Chrono Boost)  
  16  0:36  Gateway  
  16  0:37  Probe (Chrono Boost)  
  16  0:43  Probe (Chrono Boost)  
  16  0:46  Assimilator  
  17  0:51  Probe  
  17  0:55  Assimilator  
  18  1:03  Probe (Chrono Boost)  
  19  1:08  Gateway  
  19  1:13  Probe (Chrono Boost)  
  19  1:18  Probe (Chrono Boost)  
  21  1:27  Cybernetics Core  
  21  1:29  Probe  
  22  1:35  Pylon  
  22  1:50  Probe  
  23  2:04  Stalker x2, Warp Gate  
  23  2:07  Probe  
  28  2:20  Probe  
  29  2:25  Pylon  
  29  2:39  Probe  
  29  2:40  Twilight Council  
  29  2:43  Stalker x2  
  34  3:10  Blink (Chrono Boost)  
  33  3:19  Pylon  
  33  3:34  Probe  
  33  3:38  Gateway  
  34  3:56  Stalker x2  
  38  4:04  Nexus  
  36  4:11  Probe  
  36  4:16  Pylon  
  37  4:22  Stalker x2  
  41  4:28  Probe  
  42  4:43  Stalker  
  44  4:46  Stalker x2  
  44  4:49  Probe  
  49  4:53  Robotics Facility  
  49  4:58  Pylon  
  49  5:01  Probe  
  48  5:17  Stalker x2  
  52  5:22  Stalker  
  52  5:25  Probe (Chrono Boost)  
  52  5:27  Probe (Chrono Boost)  
  56  5:37  Probe (Chrono Boost)  
  56  5:39  Probe (Chrono Boost)  
  58  5:48  Probe (Chrono Boost)  
  58  5:49  Probe (Chrono Boost)  
  55  5:53  Observer  
  55  5:54  Sentry, Stalker x2  
  63  5:59  Probe  
  63  6:00  Probe  
  65  6:05  Pylon  
  65  6:08  Shield Battery  
  65  6:11  Probe  
  66  6:15  Immortal (Chrono Boost)  
  70  6:20  Probe  
  70  6:23  Probe  
  72  6:31  Assimilator  
  72  6:32  Gateway  
  72  6:42  Sentry  
  72  6:44  Immortal (Chrono Boost)  
  78  6:53  Pylon x2  
  78  6:57  Gateway  
  78  7:16  Stalker x3  
  82  7:41  Observer  
  79  7:49  Stalker  
  79  7:50  Probe  
  78  7:51  Pylon  
  78  7:52  Pylon  
  78  7:53  Pylon  
  78  7:59  Robotics Facility  
  78  8:07  Pylon  
  78  8:09  Pylon  
  78  8:15  Stalker x5  
  88  8:25  Probe x2  
  82  8:45  Stalker x4  
  77  8:53  Probe  
  77  8:54  Probe  
  60  9:18  Stalker x5  
  70  9:28  Warp Prism (Chrono Boost)  
  66  9:59  Stalker x5  
  74  10:04  Observer, Probe x2  
  76  10:17  Observer  
  76  10:34  Stalker x5  
  86  11:03  Stalker x5  

Tags
 
Add a new tag
Caveats
  • Supply blocks, unpowered buildings, or Contaminate may cause inaccurate times.
  • Supply counts are checked every 10 seconds.